Match 47466049
Unlisted

Match 47466049
End
Pioneer Squad
Construct Infanterie Kompanie
MG 42 Machine Gun Team
Grenadier Squad
GrW 34 Mortar Team
Selects Mechanized Battlegroup
Construct Panzergrenadier Kompanie
251 Medium Carrier
Pak 40 Anti-tank Gun Team
Selects Mobile Repair Stations
251 Medium Carrier
Pioneer Squad
Selects Raid Package
Support Elements
Nebelwerfer 42 Rocket Launcher Team
StuG III G Assault Gun
Panzergrenadier Officer Quarters
Side Skirts
Pioneer Squad
Nebelwerfer 42 Rocket Launcher Team
Selects StuG Assault Group
StuG III G Assault Gun
Construct Panzer Kompanie
Selects UNKNOWN (2160084)
Construct Luftwaffe Kompanie
Flak 30 Anti-aircraft Gun Team
Selects Wespe Self-propelled Artillery
Stoßtruppen Squad
Panther Heavy Tank
Panzer Officer Quarters
Selects Zeroing Artillery Barrage
Stoßtruppen Squad
Zeroing Artillery Barrage
Medical Station
Zeroing Artillery Barrage
Stoßtruppen Squad
Boneless
drinu019
ValiantHawk
BoCa
ElZocko
Rowdy
0
0

Comments sign in to comment!

No comments posted yet!